Cogmind - Beta 15 @@@ ROGUE MODE // 2025.09.16 @ 16:17:30 Player: c4-BRK Result: Destroyed by P-60 Hacker with Shock Rifle Performance ------------- Evolutions (3) 1500 Regions Visited (5) 1000 Robots Destroyed (65) 325 Value Destroyed (1689) 1689 Prototype IDs (4) 80 Alien Tech Used (0) 0 Bonus (500) 500 TOTAL SCORE: 5094 Bonus ------- Entered DSFs 500 Cogmind --------- Core Integrity 0/700 Matter 300/300 Energy 98/100 System Corruption 1% Temperature Cool (0) Movement Core (50) Location -7/DSF Parts ------- > --- POWER (2) -------- (None) > --- PROPULSION (4) --- (None) > --- UTILITY (5) ------ (None) > --- WEAPON (2) ------- (None) > --- INVENTORY (5) ---- Aluminum Leg Hardlight Generator Peak State ------------ > --- POWER ------------ Deuterium Engine Deuterium Engine > --- PROPULSION ------- Light Treads Light Treads Improved Treads Armored Wheel > --- UTILITY ---------- Small Storage Unit Improved Targeting Computer Hardened Medium Armor Plating > --- WEAPON ----------- Advanced Beam Cannon Improved Assault Rifle > --- INVENTORY -------- Aluminum Leg Armored Wheel Cooling System Beam Rifle Advanced Beam Cannon Improved Assault Rifle Flak Cannon [Rating: 25] Favorites ----------- Power Deuterium Engine Engine Deuterium Engine Power Core Nuclear Core Propulsion Light Treads Treads Light Treads Leg Aluminum Leg Wheel Armored Wheel Utility Small Storage Unit Device Weight Redist. System Storage Small Storage Unit Processor Improved Targeting Computer Protection Hardened Medium Armor Plating Weapon Advanced Beam Cannon Energy Gun Medium Laser Energy Cannon Advanced Beam Cannon Ballistic Gun Improved Assault Rifle Build | -11 -10 -9 -8 -7 -7 ------- Run | Yrd Mat Mat Mat Fac DSF Slots Evolved 6 | . . 2 2 2 . Power 1 | . . . 1 . . Propulsion 2 | . . 2 . . . Utility 3 | . . . 1 2 . Weapon . | . . . . . . Parts Attached 39 | 6 2 17 11 1 2 Power 10 | 1 1 4 2 1 1 Engine 9 | 1 1 4 2 1 . Core 1 | . . . . . 1 Reactor . | . . . . . . Propulsion 11 | 2 . 5 4 . . Treads 6 | . . 3 3 . . Leg 3 | 2 . 1 . . . Wheel 2 | . . 1 1 . . Hover . | . . . . . . Flight . | . . . . . . Utility 8 | 1 1 3 3 . . Device 4 | . 1 1 2 . . Storage 1 | 1 . . . . . Processor 1 | . . 1 . . . Hackware . | . . . . . . Protection 2 | . . 1 1 . . Artifact . | . . . . . . Weapon 10 | 2 . 5 2 . 1 Energy Gun 3 | 1 . 2 . . . Energy Cannon 2 | . . 1 1 . . Ballistic Gun 5 | 1 . 2 1 . 1 Ballistic Cannon . | . . . . . . Launcher . | . . . . . . Special Weapon . | . . . . . . Impact Weapon . | . . . . . . Slashing Weapon . | . . . . . . Piercing Weapon . | . . . . . . Special Melee Weapon . | . . . . . . Unidentified Prototypes 3 | . . 3 . . . Parts Lost 30 | . 2 4 11 . 13 Power 7 | . 1 1 3 . 2 Propulsion 9 | . 1 . 4 . 4 Utility 6 | . . 1 2 . 3 Weapon 8 | . . 2 2 . 4 Highest Loss Streak 13 | . 1 2 8 . 13 To Critical Strikes . | . . . . . . Average Backups 4 | . . 4 6 3 2 Power . | . . 1 . . . Propulsion 1 | . . . 1 1 1 Utility . | . . . 1 . . Weapon 2 | . . 1 3 2 1 Tool/Special . | . . . . . . Unused Backups 3 | . . 1 1 . 1 Power . | . . . . . . Propulsion . | . . . . . . Utility 1 | . . . . . 1 Weapon 2 | . . 1 1 . . Tool/Special . | . . . . . . Average Slot Usage (%) 82 | . 86 78 93 73 36 Engine 12 | . 12 9 17 4 3 Treads 17 | . . 16 25 23 9 Leg 6 | . 27 7 . . . Wheel 4 | . . 3 8 7 1 Device 4 | . 3 5 2 15 4 Storage 10 | . 14 11 9 7 4 Processor 3 | . . . 7 . . Protection 3 | . . 3 5 . . Energy Gun 2 | . 14 1 . . 1 Energy Cannon 7 | . . 8 8 7 3 Ballistic Gun 9 | . 14 8 9 7 5 Peak Build Rating 25 | 6 8 20 25 21 21 Average Rating 16 | 4 6 14 23 20 10 On Entrance 11 | . 6 7 19 18 21 Naked Turns 45 | . . . . . 45 Heaviest Build 38 | 12 14 23 38 22 27 Greatest Support 63 | 20 26 63 63 12 62 Greatest Overweight (x) 6 | . . 1 3 1 6 Average Overweight (x) 1 | . . . 2 1 . Largest Inventory Capacity 8 | 8 8 8 8 8 8 Average Capacity 7 | 7 8 8 8 8 7 Most Carried 8 | 5 1 8 8 4 5 Average Carried 4 | . . 4 6 3 2 Final Capacity 8 | 8 8 8 8 8 5 Final Carried 6 | . . 6 5 3 2 Class Distribution -------------------- 91% | Mutant 8% | Scavenger-Mutant Dominant Class ---------------- Mutant | -10/Materials Mutant | -9/Materials Mutant | -8/Materials Scavenger-Mutant | -7/Factory Mutant | -7/DSF Resources | -11 -10 -9 -8 -7 -7 ----------- Run | Yrd Mat Mat Mat Fac DSF Matter Collected 1113 | 201 162 312 367 . 71 Remotely . | . . . . . . Salvage Created 2518 | . 465 867 1095 . 91 Parts 131 | . 31 40 55 . 5 Haulers Intercepted 6 | . 2 3 1 . . Recyclers Shooed 1 | . 1 . . . . Parts Field Recycled . | . . . . . . Retrieved Matter . | . . . . . . Parts Self-Destructed . | . . . . . . Prevented . | . . . . . . Kills | -11 -10 -9 -8 -7 -7 ------- Run | Yrd Mat Mat Mat Fac DSF Combat Hostiles Destroyed 44 | . 7 13 22 . 2 Guns 21 | . 7 3 10 . 1 Cannons 21 | . . 8 12 . 1 AOE 2 | . . 2 . . . Classes Destroyed 11 | . 7 1 2 . 1 Worker 5 | . 1 . 4 . . Builder 1 | . . . 1 . . Hauler 6 | . 2 3 1 . . Recycler 4 | . 1 2 1 . . Operator 1 | . 1 . . . . Watcher 4 | . 2 1 1 . . Swarmer 12 | . 3 . 9 . . Grunt 20 | . 4 9 7 . . Sentry 8 | . . 4 4 . . Specialist 2 | . . . . . 2 Hunter 2 | . . . 2 . . Best Kill Streak 7 | . 7 5 7 . 1 Combat Bots Only 6 | . 3 5 6 . 1 Max Kills in Single Turn 3 | . 1 3 2 . 1 Gunslinging . | . . . . . . Exploded 2 | . . 2 . . . Melee . | . . . . . . Uniques/NPCs Destroyed . | . . . . . . Combat | -11 -10 -9 -8 -7 -7 -------- Run | Yrd Mat Mat Mat Fac DSF Hostile Shots Fired 432 | . 57 68 205 . 102 Missed 126 | . 19 20 52 . 35 Hits 306 | . 38 48 153 . 67 Melee 4 | . . . . . 4 Projectile 302 | . 38 48 153 . 63 AOE 2 | . . . . . 2 Critical Strikes 10 | . . 3 4 . 3 Damage Taken 4525 | . 391 755 1853 . 1526 Core 1111 | . 50 121 229 . 711 Absorbed by Shields 97 | . . . . . 97 Redirected to Shielding 133 | . . 133 . . . Regen/Repaired (Parts) 79 | . . . 79 . . Core Remaining (%) 76 | 100 80 69 58 . . Volleys Fired 236 | . 49 60 103 . 24 Largest 2 | . 2 2 2 . 2 Hottest 93 | . 70 91 93 . 93 Shots Fired 406 | . 98 97 177 . 34 Gun 257 | . 98 52 78 . 29 Cannon 149 | . . 45 99 . 5 Launcher . | . . . . . . Special . | . . . . . . Kinetic 194 | . 49 45 78 . 22 Thermal 212 | . 49 52 99 . 12 Explosive . | . . . . . . Electromagnetic . | . . . . . . Robot Hit Streak 14 | . 7 9 8 . 14 Robot Miss Streak 7 | . 7 5 3 . 2 Penetration Max . | . . . . . . Secondary Targets . | . . . . . . Shots Hit Robots 243 | . 51 55 113 . 24 Core Hits 99 | . 22 26 46 . 5 Critical Kills . | . . . . . . Critical Parts Destroyed 1 | . . . 1 . . Critical Strikes 6 | . 4 1 1 . . Burn 5 | . 4 1 . . . Destroy 1 | . . . 1 . . Melee Attacks . | . . . . . . Impact . | . . . . . . Slashing . | . . . . . . Piercing . | . . . . . . Sneak Attacks . | . . . . . . Combat Hostiles . | . . . . . . Follow-up Attacks . | . . . . . . Damage Inflicted 4528 | . 700 1269 2164 . 395 Guns 2293 | . 700 425 854 . 314 Cannons 1948 | . . 574 1293 . 81 Explosions 267 | . . 267 . . . Melee . | . . . . . . Ramming 20 | . . 3 17 . . Kinetic 1830 | . 351 368 854 . 257 Thermal 2411 | . 349 631 1293 . 138 Explosive 267 | . . 267 . . . Electromagnetic . | . . . . . . Impact . | . . . . . . Slashing . | . . . . . . Piercing . | . . . . . . Highest Corruption 2 | . . 2 . . 1 Average Corruption 1 | . . 1 . . 1 Corruption Purged . | . . . . . . Corruption Blocked . | . . . . . . Effects 3 | . . 3 . . . Matter Fused 1 | . . 1 . . . Energy Discharges 1 | . . 1 . . . Parts Fused 1 | . . 1 . . . Overload Shots . | . . . . . . Overflow Damage 5 | . . . 5 . . Projectiles 5 | . . . 5 . . Explosions . | . . . . . . Melee . | . . . . . . Knockbacks . | . . . . . . Impact . | . . . . . . Kinetic . | . . . . . . Secondary . | . . . . . . Self-Inflicted Damage 150 | . . 142 8 . . Shots 2 | . . 2 . . . Rammed 3 | . . 1 2 . . Targets Rammed 3 | . . 1 2 . . Kicked . | . . . . . . Crushed . | . . . . . . Highest Temperature 501 | . 92 441 501 . . Average Temperature 114 | . 25 120 152 . . Received Heat Transfer 1071 | . 129 348 594 . . Effects 12 | . . 2 10 . . Shutdowns 6 | . . 1 5 . . Energy Bleed 2 | . . 1 1 . . Interference 1 | . . . 1 . . Damage (major) 3 | . . . 3 . . Siege Activations . | . . . . . . Martial Activations . | . . . . . . Shielding Activations . | . . . . . . Robots Disrupted . | . . . . . . Combat Hostiles . | . . . . . . Robots Corrupted . | . . . . . . Combat Hostiles . | . . . . . . Parts Fried . | . . . . . . Impact Corruptions . | . . . . . . Robots Melted . | . . . . . . Combat Hostiles . | . . . . . . Parts Melted 8 | . 5 2 1 . . Heat Transferred 5217 | . 1332 1258 2331 . 296 Parts Sabotaged . | . . . . . . Parts Stolen . | . . . . . . Parts Stripped . | . . . . . . Power Chain Reactions . | . . . . . . Alert | -11 -10 -9 -8 -7 -7 ------- Run | Yrd Mat Mat Mat Fac DSF Maximum Alert Level 1 | . . . 1 . . Low Security (%) 95 | 100 100 100 88 100 100 Level 1 4 | . . . 11 . . Level 2 . | . . . . . . Level 3 . | . . . . . . Level 4 . | . . . . . . Level 5 . | . . . . . . High Security . | . . . . . . Max Security . | . . . . . . Peak Influence 267 | . 82 170 267 118 80 Initial 118 | . . 17 38 118 75 Average 62 | . 29 64 75 116 53 Influence Increases 1509 | . 213 502 699 . 95 Destroy 0b10 Robot/C 880 | . 140 260 440 . 40 Destroy 0b10 Robot/NC 105 | . 35 30 40 . . Destroy Leader 260 | . 38 78 134 . 10 Successful Hack 23 | . . 14 9 . . Disable Machine 60 | . . 30 30 . . Destroy Structure 31 | . . 30 1 . . Lose Combat Pursuer 150 | . . 60 45 . 45 Influence Decreases 1469 | . 170 454 529 153 163 Entered New Map 255 | . . 26 53 143 33 Time Decay 927 | . 150 401 366 10 . Lost Part 287 | . 20 27 110 . 130 Squads Dispatched 11 | . 1 1 6 . 3 Investigation 3 | . 1 1 1 . . Extermination . | . . . . . . Reinforcement 4 | . . . 1 . 3 Assault . | . . . . . . Garrison 4 | . . . 4 . . Intercept . | . . . . . . Searches Triggered . | . . . . . . Construction Impeded . | . . . . . . Haulers Reinforced . | . . . . . . Active Scanning Responses . | . . . . . . Cargo Convoy Interrupts . | . . . . . . Stealth | -11 -10 -9 -8 -7 -7 --------- Run | Yrd Mat Mat Mat Fac DSF Distress Signals 4 | . 1 2 1 . . Communications Jammed . | . . . . . . Distress Signals . | . . . . . . Times Spotted 81 | . 13 17 38 . 13 Peak Tracking Total 8 | . 6 6 8 . 7 Tactical Retreats 6 | . . 1 2 . 3 Traps | -11 -10 -9 -8 -7 -7 ------- Run | Yrd Mat Mat Mat Fac DSF Traps Triggered 4 | . . 2 . . 2 Indirectly . | . . . . . . Trap Hack Attempts . | . . . . . . Triggered . | . . . . . . Disarmed . | . . . . . . Reprogrammed . | . . . . . . Reused . | . . . . . . Traps Extracted . | . . . . . . Installed . | . . . . . . Triggered . | . . . . . . Machines | -11 -10 -9 -8 -7 -7 ---------- Run | Yrd Mat Mat Mat Fac DSF Machines Disabled 4 | . . 2 2 . . Max in Single Turn 2 | . . 2 1 . . Machines Repaired . | . . . . . . Machines Dismantled . | . . . . . . Machines Sabotaged . | . . . . . . Overloaded Fab Kills . | . . . . . . Hacking | -11 -10 -9 -8 -7 -7 --------- Run | Yrd Mat Mat Mat Fac DSF Machines Accessed 13 | . 2 5 5 1 . Terminals 11 | . 2 5 3 1 . Fabricators . | . . . . . . Repair Stations 1 | . . . 1 . . Recycling Units . | . . . . . . Scanalyzers . | . . . . . . Garrison Access 1 | . . . 1 . . Total Hacks 34 | . 5 15 13 1 . Successful 10 | . 1 4 4 1 . Failed 24 | . 4 11 9 . . Catastrophic 5 | . 1 3 1 . . Database Lockouts . | . . . . . . Manual 2 | . 2 . . . . Terminals 28 | . 5 15 7 1 . Fabricators . | . . . . . . Repair Stations 2 | . . . 2 . . Recycling Units . | . . . . . . Scanalyzers . | . . . . . . Garrison Access 4 | . . . 4 . . Terminal Hacks 8 | . 1 4 2 1 . Record 1 | . 1 . . . . Prototype ID Bank 1 | . . 1 . . . Open DSF 1 | . . . . 1 . Alert Level 1 | . . . 1 . . Dispatch Records 1 | . . 1 . . . Maintenance Status 1 | . . 1 . . . Transport Status 1 | . . 1 . . . Reinforcement Status 1 | . . . 1 . . Fabricator Hacks . | . . . . . . Repair Station Hacks 2 | . . . 2 . . Scan Component 1 | . . . 1 . . Repair 1 | . . . 1 . . Recycling Unit Hacks . | . . . . . . Scanalyzer . | . . . . . . Garrison Access Hacks . | . . . . . . Unauthorized Hacks . | . . . . . . Terminals . | . . . . . . Fabricators . | . . . . . . Repair Stations . | . . . . . . Recycling Units . | . . . . . . Scanalyzers . | . . . . . . Garrison Access . | . . . . . . Data Cores Recovered 1 | . 1 . . . . Used . | . . . . . . Hacking Detections 9 | . 2 4 3 . . Full Trace Events 7 | . 2 3 2 . . Feedback Events . | . . . . . . Feedback Blocked . | . . . . . . Robot Schematics Acquired . | . . . . . . Robots Built . | . . . . . . Authchips . | . . . . . . Time . | . . . . . . Total Robot Build Rating . | . . . . . . Part Schematics Acquired . | . . . . . . Parts Built . | . . . . . . Authchips . | . . . . . . Time . | . . . . . . Total Part Build Rating . | . . . . . . Parts Repaired 1 | . . . 1 . . Time 51 | . . . 51 . . Parts Recycled . | . . . . . . Recycled Matter . | . . . . . . Retrieved Matter . | . . . . . . Retrieved Components . | . . . . . . Parts Scanalyzed . | . . . . . . Part Schematics Acquired . | . . . . . . Parts Damaged . | . . . . . . Bothacking | -11 -10 -9 -8 -7 -7 ------------ Run | Yrd Mat Mat Mat Fac DSF Used RIF Installer . | . . . . . . Robots Hacked . | . . . . . . Non-combat . | . . . . . . Combat . | . . . . . . Robot Hacks Applied . | . . . . . . Relay Couplers Released . | . . . . . . Fabnet Peak Effective % . | . . . . . . Robots Rewired . | . . . . . . Allies Hacked . | . . . . . . Hacks Repelled . | . . . . . . Allies | -11 -10 -9 -8 -7 -7 -------- Run | Yrd Mat Mat Mat Fac DSF Total Allies . | . . . . . . Largest Group . | . . . . . . Highest-Rated Group . | . . . . . . Highest-Rated Ally . | . . . . . . Total Orders . | . . . . . . Ally Attacks . | . . . . . . Total Damage . | . . . . . . Kills . | . . . . . . Allies Corrupted . | . . . . . . Allies Melted . | . . . . . . Intel | -11 -10 -9 -8 -7 -7 ------- Run | Yrd Mat Mat Mat Fac DSF Active Infowar (turns) . | . . . . . . Robot Analysis Total . | . . . . . . Derelict Logs Recovered . | . . . . . . Drone Launches . | . . . . . . Drone Recoveries . | . . . . . . Exploration | -11 -10 -9 -8 -7 -7 ------------- Run | Yrd Mat Mat Mat Fac DSF Turns Passed 2956 | 75 369 1160 1136 22 194 Spaces Moved 1559 | 62 175 653 527 20 122 Core 86 | 14 . . . . 72 Treads 255 | . . 200 26 . 29 Legs 401 | 48 175 178 . . . Wheels 817 | . . 275 501 20 21 Hover . | . . . . . . Flight . | . . . . . . Fastest Speed 50 | 50 120 105 105 105 50 Average Speed 127 | 104 120 134 131 105 92 Slowest Speed 350 | 120 120 190 240 105 350 Overloaded Moves . | . . . . . . Propulsion Burnouts . | . . . . . . Robots Hopped . | . . . . . . Potential Cave-ins . | . . . . . . Cave-ins Triggered . | . . . . . . Exploration Rate (%) 33 | 3 37 41 46 1 75 Regions Visited 5 Branch Regions . Pre-discovered Areas . | . . . . . . Known Exits Taken 1 | . . . . 1 . Unknown Exits Taken 4 | 1 1 1 1 . . Scrap Searched . | . . . . . . Spaces Dug . | . . . . . . Terrain Destroyed 29 | . . 29 . . . Melee . | . . . . . . Projectile . | . . . . . . AOE 29 | . . 29 . . . Terrain Rammed . | . . . . . . Walls Destroyed . | . . . . . . Machines Disabled . | . . . . . . Actions | -11 -10 -9 -8 -7 -7 --------- Run | Yrd Mat Mat Mat Fac DSF Total 2127 | 72 236 838 791 21 169 Wait 225 | . 9 76 133 . 7 Move 1554 | 61 174 652 526 19 122 Hop . | . . . . . . Pick Up 42 | 5 2 22 11 . 2 Fast Attach 2 | 1 . . 1 . . Attach 33 | 5 2 10 11 2 3 Detach 1 | . . . 1 . . Swap 9 | . . 8 1 . . Drop 11 | . . 9 2 . . Fire 236 | . 49 60 103 . 24 Melee . | . . . . . . Ram 3 | . . 1 2 . . Kick . | . . . . . . Crush . | . . . . . . Escape Stasis 11 | . . . . . 11 Rewire . | . . . . . . Trap . | . . . . . . Miscellaneous . | . . . . . . Route ------- -11/Scrapyard -10/Materials (discovered 2 exits: *Mat / [*Min]) -9/Materials -8/Materials -7/Factory -7/DSF (discovered 1 exit: [*Fac]) History --------- Turn | Location | Event 10 | -11/Scrapyard | Discovered new exit (range 15) 76 | -11/Scrapyard | Entered Materials 177 | -10/Materials | Discovered new exit (range 16) 299 | -10/Materials | Discovered new exit (range 16) 311 | -10/Materials | Build established: Mutant 445 | -10/Materials | Entered another Materials area 445 | -9/Materials | Evolved 2 slots: Propulsion x2 1319 | -9/Materials | Discovered new exit (range 16) 1605 | -9/Materials | Entered another Materials area 1605 | -8/Materials | Evolved 2 slots: Power x1, Utility x1 1668 | -8/Materials | Repaired Adv. Beam Cannon 1749 | -8/Materials | Garrison activated, responded to threat 2214 | -8/Materials | Garrison activated, responded to threat 2571 | -8/Materials | Lost 8 parts (1p3n2u2w) 2730 | -8/Materials | Discovered new exit (range 10) 2741 | -8/Materials | Entered Factory 2741 | -7/Factory | Evolved 2 slots: Utility x2 2762 | -7/Factory | Identified exit to DSF 2763 | -7/Factory | Entered DSF 2796 | -7/DSF | Additional patrols routed to DSF 2943 | -7/DSF | Lost 13 parts (2p4n3u4w) 2946 | -7/DSF | Core integrity fell below 50% 2952 | -7/DSF | Core integrity fell below 20% 2952 | -7/DSF | Discovered new exit (range 15) 2957 | -7/DSF | Destroyed by P-60 Hacker with Shock Rifle Last Messages --------------- Field strength at 48. Field strength at 42. Knocked back. Triggered Stasis Trap. C-17 Slicer system corrupted by crushing effect. A bubble of rippling energy engulfs the area. Field strength at 94. C-17 Slicer system terminally corrupted. Field strength at 84. Field strength at 72. Field strength at 54. Field strength at 35. Field strength at 22. Stasis field depleted. EXIT=FOUND Field strength at 16. X-67 Chaingunner knocked back. C-17 Slicer destroyed. Field strength at 11. Field strength at 6. Map ----- +----------------------------------------------------+ | [[#??????#!! #????????????????????? | | [[#??????#!! ^ #????????????????????? | | ###??????###^^^###????????????????????? | | #????????[ !??????????????????????? | | #????????[ !!?????????????????????? | | #????????[ !!?????????????????????? | | ######???#?# ###????????????????????? | | #?!!!#?!!#?# #??????????????????????? | | ##!!!#!!!## #?????????????????????? | | ??????????????????????? | | ??????????????????????? | | ??????????????????????? | | ##!!!#===## H ??????????????????????? | | #?!!!#?==#?# #??????????????????????? | | ######???### ###????????????????????? | | !!#???????!! !!?????????????????????? | | !!#????????! !!?????????????????????? | | !!#????????! !??????????????????????? | | ###??????### ###????????????#???????? | | !!#??????# !!#??????????? #???????? | | !!#??????# %!!#?????????? #???????? | | ########## !!########?? #????????? | | ###!!#!!!#?#^==#?#!!!#!!#?# ###??????? | | ## !#!!!###!%c###!!!#!!## ""##?????? | | !/% p % """"?????? | | ! !! @ <""#??????? | | ""## #!!!#! # !# ##"""""#??????? | | ""#########! ########???"""#??????? | | "##???????#########????????????#???????? | | "#?????????????????????????????????????? | | "#?????????????????????????????????????? | | #??????????????????????????????????????? | | ???????????????????????????????????????? | | ???????????????????????????????????????? | | ???????????????????????????????????????? | | ???????????????????????????????????????? | | | | | | | | | | | | | | | | | | | | | | | | | | | | | +----------------------------------------------------+ Best States ------------- Heat Dissipation 70 Energy Generation 23 Energy Capacity 450 Matter Stores 300 Matter Capacity 300 Sight Range 16 Terrain Scan Density 10 Additional Mass Support 6 Armor Coverage 225 Propulsion Shielding 66 Evasion (%) 55 Targeting Accuracy 6 Recoil Reduction 3 Item Schematics ----------------- None Robot Schematics ------------------ None Fabricated ------------ Nothing Repaired ---------- Adv. Beam Cannon | 39% | -8/Materials Alien Tech Used ----------------- None Achievements -------------- None Challenges ------------ None Game ------ Seed TractorArmoredTreads Manual? 0 Play Time 00:27:03 Cumulative 21.0 hours Start 2025.09.16 @ 15:50:38 End 2025.09.16 @ 16:17:30 Sessions 1 Manual Loads 0 Difficulty Rogue Special Mode None Game No. 23 Rogue 2 Adventurer 21 Explorer 0 Win Type - Total 1 Types 0/0/0/0/0/0/0/1/0/0 Lore% 45 Gallery% 31 Achievement% 37 Wizard Run 0 Options --------- Layout 1 ASCII 0 Keyboard 0 Movement Mouse Keybinds 0 Fullscreen 2 Font 24/Smallcaps Map View 50x35 Zoom Use 0% Tactical HUD 0 Map Filters NONE Filters NONE Steam 1 RUN: 3fbb0236-3324-487b-a71a-ec88be2761b9